Map: Pillars of Gold LE

Players

ShoWTimE

  • Race: Protoss Protoss
  • Spawn Location: 7:00

Serral - Winner!

  • Race: Zerg Zerg
  • League: Master
  • Spawn Location: 1:00

Event: DreamHack SC2 Masters 2020 Summer Europe

VOD

Have the link to the VOD?

Description

Time

  • Played on: July 7, 2020, 2:31 p.m.
  • Length: 24:52

All games in this series

Show
View Real Time Build Order
Export as new Build Order

ShoWTimE Protoss 

Build Orders: 1 Gate Expand, Oracle Opening, Zealot Archon 

Get SALT Encoding   

  12  0:00  Probe  
  13  0:12  Probe  
  14  0:19  Pylon  
  14  0:24  Probe  
  15  0:34  Probe  
  15  0:41  Gateway  
  15  0:42  Probe  
  17  0:52  Assimilator, Probe  
  18  1:04  Probe  
  19  1:16  Probe  
  20  1:28  Cybernetics Core  
  20  1:39  Nexus  
  20  1:47  Pylon  
  20  1:48  Probe  
  20  1:53  Assimilator  
  21  1:55  Adept  
  21  2:00  Probe  
  24  2:10  Shield Battery  
  24  2:13  Probe  
  24  2:15  Adept  
  25  2:16  Warp Gate  
  25  2:25  Probe  
  28  2:37  Probe  
  29  2:44  Stargate  
  29  2:47  Probe  
  29  2:48  Adept  
  29  2:50  Probe  
  33  2:55  Probe  
  33  3:03  Probe  
  35  3:05  Probe  
  36  3:15  Probe  
  36  3:17  Probe  
  38  3:20  Oracle  
  38  3:23  Gateway  
  38  3:27  Probe  
  38  3:29  Probe  
  43  3:37  Gateway  
  43  3:39  Probe  
  44  3:42  Probe  
  44  3:43  Pylon  
  45  3:51  Oracle, Probe  
  46  3:57  Gateway  
  46  4:01  Probe  
  50  4:03  Pylon, Probe  
  50  4:08  Pylon  
  51  4:12  Stalker  
  51  4:13  Probe  
  51  4:15  Assimilator  
  54  4:21  Probe  
  54  4:22  Assimilator  
  55  4:25  Probe  
  55  4:30  Robotics Facility  
  56  4:32  Adept  
  56  4:33  Probe  
  56  4:37  Probe  
  60  4:40  Adept  
  62  4:46  Probe  
  62  4:49  Probe  
  64  4:56  Pylon  
  64  4:58  Probe  
  65  5:01  Probe  
  66  5:07  Nexus  
  66  5:10  Probe  
  66  5:11  Pylon  
  66  5:12  Probe  
  68  5:15  Twilight Council  
  68  5:17  Forge  
  68  5:19  Observer  
  68  5:20  Probe  
  69  5:22  Probe  
  69  5:27  Adept x2  
  69  5:28  Sentry, Probe  
  73  5:32  Immortal  
  73  5:34  Probe  
  74  5:40  Probe  
  79  5:46  Probe  
  79  5:48  Sentry x2  
  84  5:52  Probe  
  84  5:56  Charge  
  85  5:58  Gateway, Probe  
  85  6:01  Shield Battery  
  86  6:04  Protoss Ground Weapons Level 1  
  86  6:10  Immortal  
  86  6:12  Shield Battery  
  86  6:16  Pylon  
  86  6:18  Probe  
  86  6:22  Probe  
  93  6:31  Stalker x3  
  95  6:33  Probe  
  96  6:41  Probe x2  
  93  6:51  Immortal  
  95  6:55  Probe  
  95  6:56  Shield Battery  
  95  6:57  Zealot x2  
  95  6:58  Templar Archives  
  95  6:59  Probe  
  95  7:00  Probe  
  102  7:05  Assimilator  
  102  7:09  Probe  
  102  7:10  Gateway, Assimilator  
  103  7:17  Gateway  
  103  7:18  Zealot x3  
  109  7:24  Gateway  
  109  7:25  Photon Cannon  
  109  7:31  Pylon  
  109  7:32  Pylon  
  109  7:37  Gateway  
  109  7:39  Gateway  
  109  7:42  Gateway, Warp Prism  
  109  7:49  Probe  
  109  7:50  High Templar x2  
  114  7:53  Protoss Ground Weapons Level 2  
  114  7:54  Archon  
  116  8:00  High Templar x2  
  116  8:01  Photon Cannon  
  116  8:03  Pylon  
  116  8:04  Archon  
  116  8:05  Pylon  
  120  8:10  High Templar  
  120  8:11  High Templar  
  124  8:15  Archon  
  124  8:17  Pylon  
  124  8:18  Pylon  
  124  8:20  Warp Prism  
  124  8:21  Zealot  
  124  8:24  Pylon  
  126  8:27  High Templar  
  126  8:28  High Templar  
  126  8:33  Archon  
  132  8:37  Pylon  
  132  8:41  Nexus  
  132  8:45  Pylon  
  132  8:53  High Templar x2, Zealot x4  
  132  8:54  Zealot  
  146  8:57  Archon  
  146  9:06  Probe x2  
  148  9:19  Zealot x6  
  148  9:20  Zealot x2  
  164  9:26  Zealot x2  
  166  9:33  Pylon  
  166  9:34  Probe x2  
  162  9:44  High Templar x2  
  162  9:45  High Templar x4, Zealot  
  174  9:49  Archon x3  
  174  9:51  Probe x3  
  175  9:57  Probe  
  175  9:59  Photon Cannon  
  158  10:03  Probe  
  158  10:04  Probe  
  160  10:07  Assimilator  
  160  10:08  High Templar x2  
  160  10:11  Assimilator  
  160  10:13  Archon, Shield Battery  
  164  10:14  Protoss Shields Level 1, Zealot x2  
  164  10:15  Photon Cannon  
  168  10:21  Shield Battery  
  168  10:24  Zealot x3  
  174  10:33  High Templar  
  166  10:36  Psionic Storm, High Templar  
  166  10:41  Zealot x4  
  170  10:55  Zealot x4  
  172  10:57  Archon  
  172  11:03  Zealot x4  
  170  11:12  High Templar x2  
  168  11:19  High Templar x2  
  168  11:22  Blink  
  168  11:23  Pylon  
  162  11:26  Photon Cannon  
  162  11:28  High Templar, Pylon  
  162  11:29  Zealot x4  
  172  11:35  High Templar  
  174  11:41  Photon Cannon  
  174  11:47  High Templar x2  
  174  11:50  Gateway  
  174  11:53  Gateway, Archon  
  178  11:57  Zealot x4  
  186  12:01  Zealot x2  
  186  12:05  Protoss Ground Weapons Level 3, Zealot  
  184  12:11  Zealot  
  184  12:21  High Templar, Zealot x3  
  184  12:22  Zealot  
  194  12:23  High Templar  
  194  12:28  Archon  
  186  12:30  Zealot x3  
  156  12:51  Zealot x5  
  156  12:52  Zealot x3  
  156  12:55  High Templar  
  174  12:58  Pylon  
  174  13:04  High Templar  
  176  13:16  High Templar x5  
  176  13:17  High Templar  
  187  13:20  Archon x2  
  187  13:21  Archon  
  187  13:23  Zealot x2  
  191  13:38  Zealot x2  
  191  13:41  Pylon  
  195  13:51  Nexus  
  187  13:59  Zealot x8  
  187  14:00  Archon  
  120  14:02  Zealot  
  120  14:03  Zealot  
  120  14:08  Archon  
  120  14:09  Immortal  
  100  14:20  High Templar x8  
  100  14:21  Zealot x2  
  118  14:26  Archon x2  
  118  14:34  Pylon  
  118  14:36  High Templar x2  
  120  14:40  Archon  
  120  14:42  Observer  
  120  14:43  Zealot x2  
  125  14:53  Zealot x3  
  125  14:55  Zealot x2  
  125  14:57  High Templar x2  
  139  15:02  Archon  
  139  15:06  High Templar x2  
  139  15:07  Zealot  
  141  15:10  Archon  
  131  15:15  Probe x2  
  133  15:22  Zealot x7  
  142  15:28  Nexus  
  142  15:30  Pylon  
  142  15:31  High Templar x3  
  142  15:33  Pylon  
  148  15:42  High Templar x2, Zealot x3  
  138  15:43  Zealot x4  
  152  15:50  Archon  
  150  16:05  Zealot x7  
  150  16:10  Protoss Ground Armor Level 1  
  162  16:15  Stalker x2  
  152  16:21  Stalker x2  
  130  16:26  Zealot  
  128  16:32  High Templar x3  
  128  16:37  Observer  
  134  16:40  Assimilator, Probe  
  134  16:41  Probe x4  
  140  16:51  High Templar x2  
  140  16:52  Zealot x2  
  140  16:53  Probe  
  149  16:55  Probe  
  149  16:56  Archon  
  149  16:57  Probe  
  149  16:58  Probe  
  152  17:03  Probe  
  152  17:05  Probe  
  152  17:07  Assimilator, Probe  
  155  17:09  Zealot  
  155  17:10  Assimilator  
  151  17:21  High Templar x3, Zealot x3  
  151  17:24  Zealot  
  151  17:28  Archon  
  153  17:32  Zealot x3  
  153  17:35  Zealot  
  161  17:39  Stalker  
  163  17:44  Shield Battery  
  163  17:46  Zealot x2  
  163  17:51  Zealot x2  
  152  17:54  Zealot  
  138  18:05  High Templar x5  
  138  18:07  Zealot x2  
  138  18:09  Archon x2  
  138  18:10  Archon  
  152  18:17  Zealot x2  
  149  18:24  Zealot x2  
  120  18:28  Zealot x2  
  120  18:30  Archon  
  124  18:36  High Templar  
  124  18:38  High Templar  
  128  18:42  Archon  
  128  18:45  Zealot x4  
  133  18:49  High Templar x2  
  133  18:52  Zealot  
  138  18:59  Zealot x3  
  140  19:08  Zealot x3  
  144  19:13  Zealot x2  
  148  19:24  Zealot x3  
  154  19:37  Probe  
  133  19:39  Probe  
  133  19:42  Probe  
  133  19:43  Probe  
  134  19:48  Zealot x4  
  134  19:50  High Templar  
  144  19:57  Sentry  
  144  19:59  High Templar x2  
  149  20:01  High Templar  
  149  20:04  Archon  
  149  20:05  Archon  
  143  20:09  Zealot x3  
  149  20:15  High Templar  
  149  20:18  Zealot x2  
  134  20:38  Nexus  
  134  20:42  High Templar  
  134  20:43  High Templar, Zealot x2  
  134  20:48  Archon, Pylon  
  140  20:50  Zealot  
  142  21:00  Zealot x2  
  139  21:14  Stalker x3  
  141  21:18  Stalker  
  143  21:31  Zealot x3  
  135  21:40  Zealot x2  
  135  21:43  High Templar x2  
  141  21:47  Archon  
  141  21:49  Zealot x2  
  141  21:53  Zealot  
  147  22:01  Zealot x2  
  113  22:09  High Templar  
  113  22:10  Zealot x3  
  121  22:21  Probe x2  
  121  22:22  Probe x2  
  125  22:27  High Templar  
  125  22:28  Zealot x3  
  133  22:33  Assimilator  
  133  22:36  Archon  
  133  22:37  Assimilator, Probe  
  122  22:48  Probe x2  
  122  22:49  Probe  
  126  22:52  Zealot  
  126  22:53  Zealot x2  
  126  22:54  Zealot  
  126  22:55  Sentry  
  126  22:56  Zealot  
  135  23:00  Zealot  
  133  23:06  Zealot x2  
  133  23:09  Zealot  
  133  23:13  Stalker  
  133  23:16  Stalker  
  133  23:19  Stalker  
  139  23:25  Stalker x2  
  135  23:29  Stalker  
  131  23:36  Stalker  
  131  23:37  Stalker  
  131  23:42  Stalker  
  131  23:47  Stalker  
  117  23:59  Stalker x2  
  121  24:11  Zealot x2  
  125  24:20  Zealot x2  
  124  24:36  Zealot x2  
Show
View Real Time Build Order
Export as new Build Order

Serral Zerg - Winner!

Build Orders: Pool First 

Get SALT Encoding   

  12  0:00  Drone  
  13  0:13  Overlord  
  13  0:17  Drone  
  14  0:31  Drone x2  
  16  0:41  Spawning Pool  
  15  0:47  Drone  
  15  0:49  Drone  
  17  1:03  Extractor  
  16  1:13  Hatchery  
  16  1:17  Drone  
  16  1:28  Zergling x6  
  19  1:40  Queen  
  21  1:48  Overlord  
  21  1:53  Drone  
  22  2:03  Metabolic Boost  
  22  2:06  Drone  
  23  2:15  Queen  
  23  2:19  Drone  
  26  2:24  Drone  
  26  2:26  Drone  
  28  2:36  Drone x2  
  30  2:48  Drone x2  
  30  2:49  Queen  
  33  2:52  Overlord  
  33  2:59  Overlord  
  33  3:00  Drone  
  33  3:02  Zergling x2  
  35  3:17  Drone  
  35  3:18  Drone x2  
  38  3:23  Zergling x2  
  38  3:24  Drone  
  40  3:27  Drone  
  40  3:28  Drone x2  
  40  3:31  Lair  
  40  3:33  Drone  
  44  3:35  Extractor  
  44  3:38  Drone  
  44  3:43  Zergling x2  
  45  3:51  Drone x2  
  46  3:57  Spore Crawler  
  46  3:58  Drone  
  46  4:00  Hatchery, Drone  
  46  4:02  Drone  
  47  4:04  Drone  
  47  4:07  Drone, Extractor  
  47  4:09  Drone  
  49  4:14  Drone x2  
  51  4:20  Overlord  
  51  4:21  Drone  
  52  4:31  Hydralisk Den  
  52  4:32  Overseer  
  52  4:33  Drone  
  52  4:35  Overlord  
  52  4:41  Drone  
  52  4:42  Drone  
  52  4:44  Zergling x4  
  56  4:48  Zergling x2  
  56  4:52  Zergling x2  
  58  4:56  Queen  
  58  4:59  Zergling x2  
  62  5:00  Zergling x8  
  62  5:04  Muscular Augments  
  65  5:10  Overlord  
  65  5:16  Hydralisk x3  
  65  5:19  Overlord  
  68  5:28  Hydralisk x3  
  68  5:35  Hydralisk x2  
  71  5:41  Hydralisk x2  
  79  5:45  Hydralisk  
  79  5:46  Hydralisk  
  83  5:56  Drone x2  
  83  5:58  Zergling x8  
  87  6:09  Zergling x6  
  90  6:13  Overlord  
  90  6:15  Grooved Spines, Overlord  
  90  6:23  Zergling x2  
  90  6:31  Zergling x20  
  86  6:44  Zergling x12  
  74  6:55  Drone x8  
  74  7:00  Drone  
  83  7:03  Drone  
  83  7:06  Drone  
  85  7:10  Drone  
  85  7:15  Evolution Chamber, Extractor  
  84  7:16  Drone x2  
  85  7:24  Drone  
  85  7:25  Drone x6  
  85  7:28  Overlord x2  
  91  7:30  Baneling Nest  
  91  7:31  Hydralisk x2  
  94  7:38  Overseer  
  94  7:40  Hydralisk x2  
  94  7:43  Zerg Melee Weapons Level 1  
  98  7:46  Extractor  
  98  7:47  Drone x3  
  100  7:51  Hydralisk, Extractor  
  100  7:52  Hydralisk  
  103  8:00  Hydralisk x2  
  103  8:01  Hydralisk x2  
  103  8:05  Drone  
  113  8:15  Centrifical Hooks  
  113  8:17  Hatchery, Hydralisk x2  
  116  8:22  Overlord  
  116  8:23  Overlord x2  
  116  8:30  Hydralisk x2  
  116  8:33  Zergling x8  
  122  8:44  Hydralisk  
  122  8:45  Hydralisk x4  
  132  8:53  Hydralisk x3  
  138  8:58  Overlord x2  
  138  9:01  Baneling x2  
  138  9:02  Baneling x4  
  138  9:07  Baneling x8  
  137  9:12  Baneling x8  
  137  9:17  Zergling x4  
  137  9:18  Zergling x6  
  137  9:22  Baneling  
  137  9:23  Baneling x5  
  142  9:31  Zergling x16  
  145  9:40  Zergling x14  
  145  9:44  Evolution Chamber  
  150  9:47  Evolution Chamber  
  144  10:00  Zergling x24  
  155  10:10  Overlord x2  
  155  10:12  Drone x4  
  155  10:13  Drone  
  160  10:15  Baneling x7  
  160  10:19  Hydralisk x2  
  160  10:20  Zergling x2  
  160  10:21  Overseer, Zergling x2  
  166  10:25  Zergling x2  
  167  10:31  Zergling x8  
  168  10:36  Zergling x16  
  168  10:40  Overlord x2  
  176  10:46  Baneling x10  
  176  10:47  Zergling x2  
  176  10:48  Zergling x4  
  174  10:53  Zergling x6  
  169  11:03  Zergling x2  
  169  11:04  Zergling x6  
  167  11:07  Evolution Chamber  
  167  11:08  Evolution Chamber, Zergling x12  
  171  11:14  Drone x3  
  171  11:15  Zerg Melee Weapons Level 2  
  170  11:21  Drone x2  
  169  11:25  Drone x2  
  169  11:28  Baneling  
  169  11:29  Baneling x5  
  169  11:30  Hatchery  
  169  11:32  Drone x3  
  172  11:36  Hydralisk  
  172  11:37  Zergling x6  
  172  11:38  Baneling x9  
  172  11:39  Baneling x5  
  177  11:45  Zergling x8  
  181  11:51  Extractor  
  181  11:52  Drone x2  
  182  11:57  Zergling x14  
  189  12:06  Evolution Chamber, Drone  
  189  12:07  Baneling  
  189  12:08  Baneling x10  
  189  12:14  Zergling x18  
  194  12:19  Evolution Chamber  
  194  12:21  Evolution Chamber  
  194  12:22  Zergling x12  
  194  12:30  Zergling x10  
  194  12:35  Baneling x22  
  199  12:41  Baneling Nest  
  187  12:46  Zergling x18  
  181  12:55  Zergling x18  
  190  12:58  Zerg Missile Weapons Level 1  
  190  13:05  Zergling x14  
  197  13:13  Zergling x4  
  196  13:24  Infestation Pit  
  196  13:26  Baneling x11  
  195  13:30  Drone x2  
  197  13:39  Baneling x22  
  197  13:43  Zergling x6  
  183  13:59  Zergling x32  
  152  14:07  Zergling x28  
  157  14:14  Hive  
  157  14:17  Hydralisk x3  
  152  14:21  Drone  
  152  14:23  Drone  
  160  14:24  Baneling  
  160  14:25  Baneling x6  
  160  14:26  Baneling x6  
  161  14:31  Zergling x18  
  161  14:35  Drone x2  
  172  14:45  Zergling x12  
  172  14:46  Zergling x4  
  172  14:47  Baneling x4  
  179  14:55  Baneling x7  
  179  14:56  Baneling x5, Overseer  
  179  15:00  Hatchery  
  179  15:04  Zerg Missile Weapons Level 2  
  179  15:06  Zerg Ground Armor Level 1  
  176  15:08  Hydralisk  
  176  15:09  Hydralisk  
  176  15:18  Zergling x2  
  176  15:19  Zergling x22  
  188  15:26  Adrenal Glands  
  184  15:31  Baneling x12  
  184  15:35  Zergling x14  
  189  15:42  Baneling x3  
  182  15:43  Baneling x8  
  182  15:47  Hydralisk x4  
  190  15:58  Drone x4, Extractor  
  190  16:02  Zergling x10  
  197  16:09  Baneling x15  
  187  16:21  Zergling x30  
  189  16:28  Zergling x14  
  189  16:32  Baneling x3  
  193  16:33  Zergling x6  
  196  16:40  Baneling x6  
  196  16:42  Zergling x6  
  199  16:48  Drone, Spire  
  199  16:49  Hatchery  
  199  16:52  Baneling  
  199  16:53  Baneling x5  
  198  16:54  Drone, Extractor  
  198  16:55  Drone  
  198  16:57  Baneling x7  
  196  17:20  Zergling x2  
  196  17:21  Zergling x24  
  196  17:27  Zerg Melee Weapons Level 3  
  196  17:28  Zerg Missile Weapons Level 3  
  196  17:30  Baneling  
  196  17:31  Baneling x5  
  196  17:33  Zergling x6  
  196  17:35  Pneumatized Carapace  
  199  17:39  Overseer  
  199  17:45  Zergling x2  
  191  17:52  Zergling x20  
  198  17:58  Zergling x6  
  198  18:03  Greater Spire  
  198  18:08  Baneling x14  
  198  18:13  Zergling x4  
  197  18:25  Zergling x44  
  183  18:30  Baneling x14  
  178  18:34  Extractor  
  178  18:36  Drone x3  
  178  18:38  Zergling x24  
  190  18:50  Zergling x2  
  190  18:51  Zergling x18  
  199  19:00  Zergling x12  
  197  19:06  Zergling x8  
  196  19:14  Zergling x12  
  200  19:24  Baneling  
  200  19:26  Baneling  
  200  19:27  Baneling x28  
  199  19:32  Zergling x4  
  190  19:39  Zergling x18  
  198  19:46  Zergling x4  
  199  20:01  Hatchery x2  
  191  20:07  Zergling x20  
  192  20:22  Baneling x19  
  192  20:23  Baneling  
  192  20:24  Zergling x2  
  192  20:25  Zergling x14  
  198  20:34  Zerg Ground Armor Level 2  
  194  20:35  Zergling x6  
  194  20:36  Zergling x6  
  197  20:43  Drone x3  
  200  20:50  Zerg Flyer Weapons Level 1  
  200  20:57  Extractor  
  200  20:59  Extractor  
  198  21:10  Baneling x7  
  198  21:11  Baneling x6  
  197  21:14  Zergling x12  
  199  21:23  Extractor  
  192  21:26  Corruptor x5  
  194  21:34  Corruptor x2  
  169  22:06  Brood Lord x4  
  169  22:07  Zergling x46  
  189  22:10  Brood Lord x2  
  189  22:11  Zergling x20  
  189  22:14  Brood Lord  
  200  22:20  Overlord  
  200  22:21  Overlord  
  200  22:29  Overlord  
  200  22:30  Overseer  
  194  22:40  Zergling x26  
  192  22:50  Zergling x16  
  198  23:02  Baneling x26  
  193  23:11  Zergling x24  
  198  23:18  Zergling x2  
  198  23:19  Zergling x2  
  194  23:27  Zergling x2  
  194  23:28  Zergling x10  
  196  23:39  Zergling x16  
  190  24:03  Zergling x4  
  190  24:04  Zergling x18  
  197  24:11  Drone  
  196  24:26  Zergling x10  
  199  24:31  Hatchery  
Tags
 
Add a new tag
Caveats
  • Supply blocks, unpowered buildings, or Contaminate may cause inaccurate times.
  • Supply counts are checked every 10 seconds.